 Dungeon Crawl Stone Soup version 0.28.0-53-g5a82cb258f (webtiles) character file.

Game seed: 7056467156251198428

89 MiltankisOP the Changer (level 4, -2/28 HPs)
             Began as an Octopode Transmuter on July 11, 2022.
             Slain by a gnoll
             ... wielding a +0 flail
              (13 damage)
             ... on level 4 of the Dungeon.
             The game lasted 00:04:09 (3521 turns).

MiltankisOP the Changer (Octopode Transmuter)       Turns: 3521, Time: 00:04:10

Health: -2/28      AC:  1    Str:  9    XL:     4   Next: 55%
Magic:  6/7        EV: 13    Int: 17    God:
Gold:   137        SH:  0    Dex: 12    Spells: 6/7 levels left

rFire   . . .      SeeInvis .     - Unarmed
rCold   . . .      Faith    .   (no shield)
rNeg    . . .      Spirit   .   (helmet currently unavailable)
rPois   .          Reflect  .   (no amulet)
rElec   .          Harm     .   (no ring)
rCorr   .          Rampage  .   (no ring)
Will    .....                   (no ring)
Stlth   ++........              (no ring)
HPRegen 0.09/turn               (no ring)
MPRegen 0.10/turn               (no ring)
                                (no ring)
                                (no ring)

@: appendages
A: tentacle spike 3, almost no armour, amphibious, 8 rings, camouflage 1,
gelatinous body 1, (nimble swimmer 1), tentacles
a: End Transformation


You were on level 4 of the Dungeon.
One of your tentacles had grown a beastly spike.
You visited 1 branch of the dungeon, and saw 4 of its levels.

You collected 137 gold pieces.

Inventory:

Jewellery
 a - a ring of magical power
 f - a ring of fire
Scrolls
 b - 3 scrolls of teleportation {unknown}
 c - a scroll of blinking {unknown}
 d - a scroll of identify {unknown}
 h - a scroll of enchant weapon {unknown}
 j - a scroll of brand weapon {unknown}
 k - a scroll of enchant armour {unknown}
 l - a scroll of vulnerability {unknown}
Potions
 e - a potion of resistance {unknown}
 g - a potion of brilliance {unknown}
 i - a potion of attraction {unknown}


   Skills:
 - Level 1.0 Fighting
 - Level 2.0 Dodging
 - Level 3.0 Unarmed Combat
 - Level 2.0 Spellcasting
 + Level 4.5 Transmutations
 + Level 0.4 Poison Magic


You had 6 spell levels left.
You knew the following spells:

 Your Spells              Type           Power      Damage    Failure   Level
a - Beastly Appendage     Tmut           34%        N/A       3%          1

Your spell library contained the following spells:

 Spells                   Type           Power      Damage    Failure   Level
 Wereblood                Tmut           17%        N/A       4%          2
 Animate Skeleton         Necr           2%         N/A       19%         1
 Pain                     Necr           4%         1d4       19%         1
 Spider Form              Tmut/Pois      10%        N/A       21%         3
 Vampiric Draining        Necr           1%         2d6       50%         3
 Ice Form                 Ice/Tmut       9%         N/A       58%         4


Dungeon Overview and Level Annotations

Branches:
Dungeon (4/15)
 Temple: D:4-7

Altars:


Innate Abilities, Weirdness & Mutations

One of your tentacles has grown a beastly spike.
You cannot wear most types of armour.
You are amphibious.
You can wear up to eight rings at the same time.
Your skin changes colour to match your surroundings (Stealth+).
Your rubbery body absorbs attacks. (AC +1, EV +1)
((You are camouflaged when in or above water. (Stealth+)))
You have tentacles for arms and can constrict up to eight enemies at once.


Message History

Confirm with . or Enter, or press ? or * to list all spells.
One of your tentacles grows a vicious spike.
You closely miss the goblin. You grab the goblin.
You pierce the goblin.
The goblin is heavily wounded.
You constrict the goblin.
A gnoll comes into view. It is wielding a +0 flail.
The goblin hits you with a +0 club.
The gnoll shouts!
You tentacle-slap the goblin.
You kill the goblin!
The hobgoblin closely misses you.
You barely miss the hobgoblin. Your grab misses the hobgoblin.
You pierce the hobgoblin, but do no damage.
You squeeze the hobgoblin.
The hobgoblin is heavily wounded.
The hobgoblin hits you.
You tentacle-slap the hobgoblin. Your grab misses the hobgoblin.
The hobgoblin is severely wounded.
The hobgoblin hits you.
You are too injured to fight recklessly!
You are too injured to fight recklessly!
You are too injured to fight recklessly!
You are too injured to fight recklessly!
You are too injured to fight recklessly!
You are too injured to fight recklessly!
You are too injured to fight recklessly!
You are too injured to fight recklessly!
You are too injured to fight recklessly!
You are too injured to fight recklessly!
You are too injured to fight recklessly!
You closely miss the hobgoblin. You grab the hobgoblin.
The hobgoblin is severely wounded.
You constrict the hobgoblin. The hobgoblin hits you.
You tentacle-slap the hobgoblin.
You kill the hobgoblin!
You tentacle-slap the gnoll but do no damage.
You grab the gnoll. You squeeze the gnoll!
The gnoll is severely wounded.
You constrict the gnoll. The gnoll hits you with a +0 flail!
You die...

. . .# ### ##.#
... ... #.# ##.# #
##.#..###.####.##
#....)g#........#
...##.##@#.......#
# ###..####.# #..#
##..###..#
.........#
###.####.# #
#.####.###...#
#....<†.......
###..#.###<..#


You could see a gnoll.

Vanquished Creatures
  3 adders
  A worm (D:3)
  3 bats
  3 endoplasms
  4 giant cockroaches
  5 goblins
  9 hobgoblins
  6 jackals (D:1)
  5 kobolds
  A quokka (D:3)
  7 ball pythons
  3 frilled lizards
  2 rats
52 creatures vanquished.

Vanquished Creatures (others)
  A fungus (D:1)
  10 plants (D:1)
11 creatures vanquished.

Grand Total: 63 creatures vanquished

Notes
Turn   | Place    | Note
-------+----------+-------------------------------------------
     0 | D:1      | MiltankisOP the Octopode Transmuter began the quest for the
                  | Orb.
     0 | D:1      | Reached XP level 1. HP: 13/13 MP: 3/3
   215 | D:1      | Reached XP level 2. HP: 10/18 MP: 3/5
   448 | D:1      | Reached skill level 3 in Transmutations
   748 | D:1      | Reached XP level 3. HP: 14/23 MP: 6/6
   876 | D:1      | Found a faded altar of an unknown god.
  2256 | D:3      | Reached skill level 4 in Transmutations
  2337 | D:3      | Reached XP level 4. HP: 11/28 MP: 5/7
  3521 | D:4      | Slain by a gnoll

Illustrated notes

Levels and vault maps discovered:
D:1:      sevenhm_arrival_forest_fort_small_4, layout_rooms,
          shapermc_ecumenical_altar_mp_ritualfount
D:2:      layout_basic
D:3:      layout_basic, serial_glass, glass_columns_b, glass_columns_a
D:4:      layout_loops_ring, guppyfry_shop_venom

Skill      XL: |  1  2  3 |
---------------+----------+-----
Transmutations | 3 4 |  4.5
Fighting       | |  1.0
Dodging        | |  2.0
Unarmed Combat | |  3.0
Spellcasting   | |  2.0
Poison Magic   | |  0.4

Action                   |  1- 3 |  4- 6 || total
-------------------------+-------+-------++-------
Melee: Unarmed           |    92 |    34 ||   126
       Kick              |    22 |     9 ||    31
       Constrict         |    22 |    13 ||    35
       Tentacles         |    17 |     4 ||    21
 Cast: Beastly Appendage |    23 |     8 ||    31
 Stab: Sleeping          |     5 |     2 ||     7
Armor: Skin              |    13 |       ||    13
Dodge: Dodged            |    50 |    12 ||    62
